 Dungeon Crawl Stone Soup version 0.31.0-11-ge490571c62 (webtiles) character file.

Game seed: 7107007939399125370

15 qw the Shooter (level 2, -1/16 HPs)
             Began as a Deep Elf Hunter on Feb 4, 2024.
             Slain by a ribbon worm (3 damage)
             ... on level 2 of the Dungeon.
             The game lasted 00:00:02 (618 turns).

qw the Shooter (Deep Elf Hunter)                     Turns: 618, Time: 00:00:02

Health: -1/16      AC:  5    Str:  8    XL:     2   Next: 34%
Magic:  4/4        EV: 10    Int: 13    God:
Gold:   57         SH:  0    Dex: 18    Spells: 1/1 levels left

rFire   . . .        a - +0 shortbow
rCold   . . .        (shield currently unavailable)
rNeg    . . .        e - +0 ring mail
rPois   .            (no helmet)
rElec   .            (no cloak)
rCorr   .            (no gloves)
SInv    .            (no boots)
Will    .....        c - amulet of the acrobat
Stlth   +            (no ring)
HPRegen 0.22/turn    (no ring)
MPRegen 0.09/turn

%: acrobat
@: no status effects
A: no striking features
a: no special abilities


You were on level 2 of the Dungeon.
You visited 1 branch of the dungeon, and saw 2 of its levels.

You collected 57 gold pieces.


   Skills:
 - Level 1.5 Fighting
 + Level 6.2 Ranged Weapons
 - Level 2.4 Dodging
 - Level 1.2 Stealth


You had one spell level left.
You didn't know any spells.
Your spell library was empty.

Inventory:

Hand Weapons
 a - a +0 shortbow (weapon)
Armour
 e - a +0 ring mail (worn)
Jewellery
 c - an amulet of the acrobat (around neck)
Potions
 b - a potion of lignification {unknown}
 d - a potion of might {unknown}
 h - 2 potions of mutation {unknown}

Dungeon Overview and Level Annotations

Branches:
Dungeon (2/15)

Altars:


Message History

The ribbon worm closely misses you.
You shoot an arrow. The arrow hits the ribbon worm.
The ribbon worm is heavily wounded.
The ribbon worm expels a string of sticky webbing.
The stream of webbing hits you but does no damage.
You are caught in a web!
The web tears apart.
The ribbon worm expels a string of sticky webbing.
The stream of webbing hits you but does no damage.
You are caught in a web!
You struggle to detach yourself from the web.
The ribbon worm bites you.
The web tears apart.
The ribbon worm bites you.
You shoot an arrow. The arrow hits the ribbon worm.
The ribbon worm is moderately wounded.
The ribbon worm bites you.
You shoot an arrow. The arrow hits the ribbon worm.
The ribbon worm is moderately wounded.
The ribbon worm expels a string of sticky webbing.
The stream of webbing hits you but does no damage.
You are caught in a web!
The web tears apart.
You shoot an arrow.
The arrow hits the ribbon worm but does no damage.
The ribbon worm is moderately wounded.
The ribbon worm bites you.
You shoot an arrow. The arrow hits the ribbon worm.
The ribbon worm is moderately wounded.
The ribbon worm bites you but does no damage.
You shoot an arrow. The arrow hits the ribbon worm.
The ribbon worm is moderately wounded.
The ribbon worm bites you but does no damage.
You shoot an arrow. The arrow hits the ribbon worm.
The ribbon worm is severely wounded.
The ribbon worm closely misses you.
You shoot an arrow.
The arrow barely misses the ribbon worm.
The ribbon worm bites you.
You die...

#.# #.#
#.# #.#
#.# #.#
#.# #.#
#@#
#.....w..#
##########


You could see a ribbon worm.

Vanquished Creatures
  A ball python (D:1)
  A giant cockroach (D:1)
  A goblin (D:1)
  3 jackals (D:1)
  3 bats
  4 rats (D:1)
  A spectral goblin (D:1)
14 creatures vanquished.

Notes
Turn   | Place    | Note
-------+----------+-------------------------------------------
     0 | D:1      | qw the Deep Elf Hunter began the quest for the Orb.
     0 | D:1      | Reached XP level 1. HP: 12/12 MP: 3/3
     0 | D:1      | 0 ||| qw: Version: 0.3-a-160-g6735b56
     0 | D:1      | 0 ||| qw: Game counter: 5399
     0 | D:1      | 0 ||| qw: Melee chars always use a shield: true
     0 | D:1      | 0 ||| qw: God list: Okawaru
     0 | D:1      | 0 ||| qw: Allow faded altars: false
     0 | D:1      | 0 ||| qw: Do Orc after clearing Dungeon:15 true
     0 | D:1      | 0 ||| qw: Do second Lair branch before Depths: true
     0 | D:1      | 0 ||| qw: Lair rune preference: random
     0 | D:1      | 0 ||| qw: Goals: Normal
     0 | D:1      | 0 ||| PLANNING D:1-11
    89 | D:1      | Found a faded altar of an unknown god.
   187 | D:1      | Reached skill level 6 in Ranged Weapons
   187 | D:1      | Reached XP level 2. HP: 16/16 MP: 4/4
   415 | D:1      | 415 ||| UPGRADING to +0 ring mail.
   425 | D:1      | 425 ||| DROPPING +0 leather armour.
   426 | D:1      | 426 ||| READING scroll labelled BOTWIMEHEMN.
   427 | D:1      | 427 ||| READING scroll labelled IZXAUROTIO.
   427 | D:1      | Identified a scroll of acquirement
   427 | D:1      | 427 ||| ACQUIRING amulet of the acrobat
   427 | D:1      | Acquired an amulet of the acrobat
   429 | D:1      | 429 ||| UPGRADING to amulet of the acrobat.
   434 | D:1      | 434 ||| DROPPING scroll of butterflies.
   614 | D:2      | HP: 1/16 [ribbon worm (5)]
   618 | D:2      | Slain by a ribbon worm

Levels and vault maps discovered:
D:1:      dpeg_arrival_connections, layout_rooms,
          dreamdust_ecumenical_altar_drowned_temple
D:2:      layout_basic, minmay_indecisive_spiral

Skill      XL: |  1 |
---------------+----+-----
Ranged Weapons | 6 |  6.2
Fighting       | |  1.5
Dodging        | |  2.4
Stealth        | |  1.2

Action                     || total
---------------------------++-------
   Fire: Shortbow          ||    54
    Use: Scroll            ||     2
 Armour: Leather armour    ||     5
         Ring mail         ||     8
  Dodge: Dodged            ||    17

Table legend:
 A = Non-vault XP
 B = Vault XP
 C = Vault XP percentage of total XP
 D = Non-vault monster count
 E = Vault monster count
 F = Vault count percentage of total count
                 A         B        C        D         E       F
            +---------+---------+-------+---------+---------+-------
      Total |      21 |       1 |   4.5 |      13 |       1 |   7.1
            +---------+---------+-------+---------+---------+-------
        D:1 |      19 |       1 |   5.0 |      12 |       1 |   7.7
        D:2 |       2 |       0 |   0.0 |       1 |       0 |   0.0
            +---------+---------+-------+---------+---------+-------
